Map: [ESL] Inside and Out

Players

Spirit

  • Race: Terran Terran
  • Spawn Location: 7:00

MaNa - Winner!

  • Race: Protoss Protoss
  • Spawn Location: 1:00

Event: DreamHack SC2 Masters 2022 Atlanta (Offline)

VOD

Have the link to the VOD?

Description

Time

  • Played on: Nov. 18, 2022, 4:05 p.m.
  • Length: 11:40

All games in this series

Show
View Real Time Build Order
Export as new Build Order

Spirit Terran 

Build Orders:  

Get SALT Encoding   

  12  0:00  SCV  
  13  0:12  SCV  
  14  0:17  Supply Depot  
  14  0:24  SCV  
  15  0:38  SCV  
  15  0:41  Barracks  
  16  0:44  Refinery  
  16  0:50  SCV  
  17  1:03  SCV  
  18  1:15  SCV  
  19  1:31  Orbital Command, Marine  
  20  1:44  Command Center  
  20  1:49  Barracks Reactor  
  20  1:57  Supply Depot  
  20  1:58  SCV  
  21  2:10  SCV  
  21  2:11  Factory  
  22  2:22  SCV  
  23  2:24  Bunker  
  23  2:27  Marine x2  
  25  2:34  SCV  
  26  2:44  Marine  
  26  2:45  Marine  
  26  2:46  SCV  
  29  2:55  Hellion, Orbital Command  
  31  2:59  SCV  
  32  3:11  Command Center  
  32  3:14  SCV  
  32  3:16  Factory Tech Lab  
  33  3:20  Marine x2  
  33  3:22  SCV  
  36  3:28  SCV  
  36  3:31  Supply Depot  
  37  3:34  Cyclone  
  37  3:36  SCV  
  37  3:38  Marine x2  
  43  3:42  SCV  
  43  3:47  Barracks  
  43  3:48  SCV  
  45  3:53  Engineering Bay  
  45  3:56  SCV  
  45  3:57  Refinery, Marine  
  45  3:58  Marine  
  45  4:01  SCV  
  49  4:07  Siege Tank  
  49  4:09  SCV  
  53  4:13  Supply Depot  
  53  4:15  SCV  
  54  4:22  SCV, Missile Turret  
  55  4:26  Orbital Command  
  55  4:27  SCV  
  56  4:34  SCV  
  56  4:36  Marine x2  
  56  4:37  Barracks Tech Lab  
  59  4:39  Siege Tank  
  59  4:41  SCV  
  63  4:49  SCV  
  60  4:53  SCV, Marine  
  60  4:54  Marine  
  60  4:57  Barracks  
  60  4:58  Refinery x2, Stimpack  
  63  5:05  Supply Depot, SCV  
  64  5:07  Marine  
  64  5:08  Supply Depot  
  64  5:10  SCV x2  
  64  5:11  Marine  
  68  5:17  Starport  
  68  5:18  SCV  
  69  5:22  SCV  
  69  5:23  SCV  
  69  5:26  Siege Tank  
  74  5:30  SCV  
  74  5:31  Engineering Bay  
  74  5:34  SCV  
  77  5:40  Marauder  
  77  5:42  Orbital Command  
  78  5:43  SCV  
  78  5:45  Barracks  
  78  5:46  SCV, Barracks  
  78  5:49  Barracks Tech Lab  
  80  5:55  SCV  
  81  5:58  Supply Depot, SCV  
  81  5:59  Terran Infantry Armor Level 1, Terran Infantry Weapons Level 1  
  81  6:00  Supply Depot  
  82  6:06  Starport Reactor  
  82  6:07  SCV  
  82  6:08  SCV  
  82  6:10  SCV  
  82  6:13  Siege Tank  
  82  6:16  Marine x2  
  82  6:17  Marauder x2  
  91  6:19  SCV  
  91  6:20  SCV  
  91  6:21  Bunker  
  91  6:23  SCV  
  94  6:30  Supply Depot  
  94  6:31  SCV  
  94  6:32  SCV  
  96  6:35  SCV  
  96  6:36  Barracks Reactor  
  96  6:37  Barracks Tech Lab  
  96  6:38  Marauder x2  
  101  6:43  SCV  
  101  6:44  SCV  
  101  6:46  Viking, Medivac  
  107  6:47  Supply Depot, Marine  
  107  6:51  Supply Depot, SCV  
  107  6:52  Siege Tank  
  112  6:56  Refinery x2  
  112  6:58  Marine  
  112  6:59  SCV  
  112  7:00  Supply Depot  
  114  7:04  Marauder  
  114  7:05  Concussive Shells  
  114  7:07  Combat Shield  
  114  7:08  Marine  
  117  7:09  Marauder  
  117  7:14  Marine  
  117  7:15  Command Center, SCV  
  121  7:16  SCV  
  121  7:17  SCV  
  123  7:25  Supply Depot, Medivac  
  123  7:26  Supply Depot  
  123  7:27  SCV  
  126  7:32  SCV, Armory, Marauder  
  126  7:33  Ghost Academy  
  126  7:36  Marauder x2  
  133  7:40  Supply Depot  
  133  7:43  Medivac  
  135  7:46  Marine x2  
  135  7:48  Supply Depot, Marine  
  138  7:54  Marine  
  138  7:55  Medivac, Marauder, Starport  
  138  7:56  SCV x2  
  138  7:58  Factory Reactor  
  145  7:59  Marauder, Marine  
  148  8:12  Marine x2  
  150  8:13  Medivac, Marine  
  150  8:15  Supply Depot  
  150  8:16  Marauder, Enhanced Shockwaves  
  150  8:17  Supply Depot, Marauder  
  156  8:21  Marauder  
  156  8:23  Marine  
  159  8:29  Marine  
  159  8:30  Marine  
  159  8:31  Terran Infantry Weapons Level 2  
  161  8:39  Refinery  
  161  8:40  Supply Depot  
  161  8:41  Refinery  
  161  8:43  Ghost  
  161  8:46  Ghost  
  160  8:52  SCV x2  
  160  8:53  SCV  
  160  8:54  Ghost  
  160  8:55  Marine x2  
  164  8:59  Marine  
  162  9:03  Command Center  
  161  9:10  Marine  
  161  9:12  Marauder  
  161  9:15  Ghost  
  166  9:23  Marauder  
  168  9:24  Marine x3  
  168  9:28  Marine  
  168  9:30  Planetary Fortress  
  173  9:31  SCV x2  
  173  9:32  SCV, Ghost  
  173  9:37  Barracks  
  173  9:38  Barracks  
  177  9:39  Barracks  
  177  9:42  Marine  
  177  9:43  SCV, Ghost  
  177  9:45  Marauder  
  183  9:48  Missile Turret  
  183  9:50  Sensor Tower  
  183  9:51  Viking  
  179  10:01  Marine  
  179  10:02  Marauder, Marine  
  179  10:03  Marine  
  179  10:05  Siege Tank, Marine  
  179  10:06  Marauder  
  164  10:07  SCV x2  
  164  10:13  Marauder  
  150  10:15  Viking  
  150  10:17  SCV  
  150  10:19  Marine  
  150  10:20  Medivac, Marine  
  150  10:21  Marine  
  147  10:23  Marine x2  
  147  10:27  Marine x2  
  147  10:28  SCV  
  128  10:29  Marine  
  128  10:30  Marine  
  128  10:31  SCV  
  128  10:33  Marine  
  122  10:37  Marine  
  122  10:38  Marine  
  122  10:41  Marauder  
  125  10:45  Marauder  
  125  10:46  Marine  
  125  10:47  Marine  
  125  10:50  SCV  
  125  10:51  SCV x2  
  125  10:52  Marauder  
  125  10:56  Medivac x3  
  134  11:01  Barracks Tech Lab x3  
  134  11:02  Marauder  
  139  11:04  Siege Tank  
  139  11:07  Marauder  
  141  11:13  Marauder  
  145  11:19  SCV  
Show
View Real Time Build Order
Export as new Build Order

MaNa Protoss - Winner!

Build Orders: 1 Gate Expand, Blink Stalkers 

Get SALT Encoding   

  12  0:00  Probe  
  13  0:12  Probe  
  14  0:17  Pylon  
  14  0:24  Probe (Chrono Boost)  
  15  0:36  Gateway, Probe (Chrono Boost)  
  16  0:44  Probe (Chrono Boost)  
  16  0:46  Assimilator  
  17  0:50  Probe  
  18  1:03  Probe  
  19  1:15  Probe  
  20  1:23  Cybernetics Core  
  20  1:27  Probe  
  21  1:37  Nexus  
  20  1:41  Probe  
  21  1:49  Pylon  
  21  1:53  Probe  
  22  1:58  Assimilator  
  22  2:00  Warp Gate  
  22  2:05  Adept (Chrono Boost), Probe  
  25  2:18  Probe  
  26  2:22  Twilight Council  
  26  2:30  Probe  
  26  2:32  Stalker  
  29  2:42  Probe  
  30  2:49  Probe  
  31  2:54  Probe  
  31  2:55  Blink (Chrono Boost)  
  32  3:00  Gateway  
  32  3:01  Probe  
  33  3:06  Probe  
  34  3:13  Probe, Pylon  
  34  3:18  Probe  
  36  3:25  Probe, Stalker  
  39  3:30  Probe  
  40  3:35  Gateway  
  40  3:37  Probe  
  41  3:43  Probe  
  42  3:49  Probe  
  42  3:54  Stalker  
  42  3:55  Probe  
  46  4:01  Probe  
  47  4:03  Stalker  
  47  4:06  Pylon  
  47  4:07  Probe  
  50  4:14  Probe  
  51  4:17  Nexus  
  51  4:22  Stalker  
  53  4:29  Stalker x2  
  53  4:30  Probe  
  58  4:31  Probe  
  58  4:37  Pylon  
  58  4:49  Probe  
  57  4:54  Stalker x2  
  57  4:55  Charge, Probe (Chrono Boost)  
  57  4:57  Pylon  
  62  5:01  Probe (Chrono Boost), Pylon  
  62  5:06  Sentry  
  66  5:07  Probe (Chrono Boost)  
  66  5:08  Assimilator  
  66  5:10  Assimilator  
  66  5:12  Probe (Chrono Boost)  
  66  5:13  Probe (Chrono Boost)  
  68  5:15  Robotics Facility  
  68  5:16  Probe (Chrono Boost)  
  69  5:21  Probe (Chrono Boost)  
  69  5:23  Gateway  
  71  5:28  Probe (Chrono Boost)  
  71  5:30  Probe (Chrono Boost)  
  71  5:34  Probe (Chrono Boost)  
  73  5:39  Probe x2 (Chrono Boost)  
  73  5:40  Forge, Probe (Chrono Boost)  
  76  5:43  Probe (Chrono Boost)  
  76  5:44  Probe (Chrono Boost)  
  76  5:45  Gateway  
  76  5:48  Probe  
  76  5:49  Gateway  
  79  5:54  Probe  
  79  5:56  Probe  
  81  5:58  Gateway  
  81  6:02  Robotics Bay  
  81  6:04  Observer  
  82  6:07  Probe  
  83  6:13  Probe x2  
  83  6:15  Protoss Ground Weapons Level 1 (Chrono Boost)  
  85  6:20  Robotics Facility  
  85  6:22  Probe  
  85  6:23  Immortal (Chrono Boost)  
  85  6:25  Probe  
  87  6:27  Nexus  
  87  6:28  Sentry  
  87  6:32  Pylon x2  
  93  6:37  Probe x2  
  93  6:39  Probe  
  96  6:42  Zealot  
  96  6:43  Zealot  
  100  6:47  Pylon  
  100  6:49  Probe  
  100  6:50  Shield Battery  
  101  6:54  Probe  
  101  6:55  Probe  
  101  6:56  Colossus (Chrono Boost)  
  110  7:01  Probe, Pylon  
  110  7:05  Colossus (Chrono Boost)  
  116  7:08  Probe  
  116  7:09  Probe  
  116  7:15  Gateway  
  118  7:16  Pylon  
  118  7:21  Extended Thermal Lance  
  118  7:24  Templar Archives  
  118  7:25  Gateway  
  118  7:26  Gateway  
  118  7:28  Probe x3  
  121  7:30  Pylon  
  121  7:39  Probe  
  121  7:40  Probe x3  
  121  7:42  Warp Prism (Chrono Boost)  
  127  7:46  Zealot x2  
  131  7:51  Probe  
  131  7:52  Forge, Probe x3  
  131  7:57  Stalker x2  
  139  7:59  Colossus (Chrono Boost)  
  139  8:03  Probe  
  139  8:04  Probe  
  146  8:06  Zealot  
  146  8:09  Stalker  
  146  8:11  Observer (Chrono Boost), Probe  
  146  8:12  Probe, Assimilator  
  153  8:16  Protoss Ground Weapons Level 2 (Chrono Boost)  
  153  8:19  Photon Cannon  
  153  8:22  Zealot x2  
  153  8:23  Zealot x3  
  153  8:27  Protoss Ground Armor Level 1 (Chrono Boost)  
  163  8:30  Pylon  
  163  8:31  Pylon  
  163  8:32  Pylon  
  161  8:48  Warp Prism (Chrono Boost)  
  161  8:50  Zealot x9  
  161  8:54  Pylon  
  179  8:57  Pylon  
  179  8:59  Probe  
  179  9:02  Nexus  
  180  9:05  Photon Cannon  
  180  9:11  Observer  
  180  9:12  Probe  
  181  9:18  Stalker  
  181  9:19  Stalker x6  
  181  9:24  Robotics Facility  
  195  9:26  Assimilator  
  195  9:48  Gateway  
  195  9:51  Gateway  
  195  9:54  Gateway  
  195  9:56  Gateway  
  181  10:03  Zealot x9  
  147  10:26  Stalker x9  
  133  10:49  Zealot x9, High Templar x2  
  155  10:50  Zealot  
  155  10:51  Zealot  
  155  10:54  Archon  
  159  11:10  Zealot x10  
  179  11:15  Stalker  
  167  11:30  Zealot x7  
  167  11:31  Zealot x5  
Tags
 
Add a new tag
Caveats
  • Supply blocks, unpowered buildings, or Contaminate may cause inaccurate times.
  • Supply counts are checked every 10 seconds.